 Dungeon Crawl Stone Soup version 0.32-a0-329-ge6c31236d6 (webtiles) character file.

Game seed: 10191647976447143913

1199 n00bmints the Twirler (level 8, 0/67 HPs)
             Began as an Armataur Berserker on Feb 17, 2024.
             Was a Priest of Trog.
             Slain by an orc
             ... wielding a +0 hand axe
              (5 damage)
             ... on level 5 of the Dungeon.
             The game lasted 00:18:44 (3896 turns).

n00bmints the Twirler (Armataur Berserker)          Turns: 3896, Time: 00:18:44

Health: 0/67       AC:  8    Str: 25    XL:     8   Next: 20%
Magic:  8/8        EV:  7    Int:  8    God:    Trog [***...]
Gold:   148        SH:  0    Dex:  9    Spells: 7/7 levels left

rFire   . . .        p - +4 quarterstaff (chaos)
rCold   . . .        (shield currently unavailable)
rNeg    . . .        r - +0 chain mail
rPois   .            (no helmet)
rElec   .            (no cloak)
rCorr   .            (no gloves)
SInv    .            (no barding)
Will    ++...        (no amulet) Stlth
                     (no ring)
HPRegen 1.31/turn    (no ring)
MPRegen 0.11/turn

%: roll
@: strong-willed, on berserk cooldown, regenerating, slowed, very slow
A: large, deformed body, tough skin 3, armoured tail, roll 2
a: Renounce Religion, Berserk, Trog's Hand


You were on level 5 of the Dungeon.
You worshipped Trog.
Trog was most pleased with you.
You visited 1 branch of the dungeon, and saw 5 of its levels.

You collected 148 gold pieces.

Inventory:

Hand Weapons
 p - a +4 quarterstaff of chaos (weapon)
Armour
 r - a +0 chain mail (worn)
Wands
 q - a wand of paralysis (5)
Scrolls
 c - a scroll of enchant weapon {unknown}
 d - 2 scrolls of identify
 g - a scroll of vulnerability {unknown}
 h - 3 scrolls of noise
 k - a scroll of enchant armour {unknown}
 m - a scroll of teleportation {unknown}
Potions
 b - a potion of haste {unknown}
 e - 2 potions of degeneration
 f - a potion of cancellation {unknown}
 i - a potion of enlightenment {unknown}
 j - a potion of heal wounds {unknown}
 l - a potion of magic {unknown}
 n - a potion of resistance {unknown}
 o - a potion of lignification {unknown}


   Skills:
 + Level 4.7 Fighting
 - Level 4.1(5.5) Maces & Flails
 * Level 1.4(3.5) Polearms
 * Level 5.6(6.4) Staves
 + Level 4.7 Armour
 - Level 2.4 Dodging
 - Level 0.3 Stealth


You had 7 spell levels left.
You didn't know any spells.
Your spell library was empty.

Dungeon Overview and Level Annotations

Branches:
Dungeon (5/15)             Temple (0/1) D:5

Altars:

Shops:
D:2 [


Innate Abilities, Weirdness & Mutations

Armour fits poorly on your strangely shaped body.
You have extremely tough skin. (AC +3)
You have a long armoured tail.
You regenerate magic and health when rolling toward enemies. (Rampage Regen)


Message History

You are too injured to fight recklessly!
You are too injured to fight recklessly!
You are too injured to fight recklessly!
You are too injured to fight recklessly!
Found a staircase to the Ecumenical Temple.
The orc attacks as it pursues you! The orc hits you with a +0 war axe.
The orc hits you with a +0 hand axe. The orc hits you but does no damage.
The orc hits you with a +0 war axe. The orc hits you with a +0 hand axe.
The orc closely misses you. The orc attacks as it pursues you!
The orc hits you with a +0 war axe!
* * * LOW HITPOINT WARNING * * *
The orc hits you but does no damage. The orc barely misses you.
The orc hits you with a +0 hand axe.
* * * LOW HITPOINT WARNING * * *
The orc attacks as it pursues you! The orc hits you but does no damage.
The orc barely misses you. The orc closely misses you.
The orc attacks as it pursues you! The orc hits you but does no damage.
The orc hits you but does no damage. The orc hits you with a +0 war axe.
* * * LOW HITPOINT WARNING * * *
The orc hits you with a +0 hand axe.
* * * LOW HITPOINT WARNING * * *
The orc hits you with a +0 war axe.
* * * LOW HITPOINT WARNING * * *
As you read the scroll labelled GUOHOI QUESM, it crumbles to dust.
You hear a loud clanging noise!
It was a scroll of noise.
You hear a shout! x5; You hear a bark!
You hear a shout!
You hear a bark! x2
The orc hits you with a +0 hand axe.
* * * LOW HITPOINT WARNING * * *
The orc barely misses you.
Your skin crawls.
You feel strong-willed. The orc hits you with a +0 hand axe.
* * * LOW HITPOINT WARNING * * *
The orc barely misses you. x2; The orc hits you but does no damage.
As you read the scroll labelled VEUMEIRUMI, it crumbles to dust.
It is a scroll of identify.
e - 2 potions of degeneration The orc hits you with a +0 hand axe.
You die...

.........##
.........#
......)).#
......).##
........###
.[........##
.........>.##
.........o..###
.........o@...#
................#
..................
..##.#########....
....# P... ##. ~≈~
# ≈≈


You could see 2 orcs.

Vanquished Creatures
  Grinder (D:4)
  2 black bears (D:5)
  An ogre (D:5)
  2 scorpions
  A bombardier beetle (D:4)
  An orc priest (D:5)
  Crazy Yiuf (D:2)
  4 iguanas
  Ijyb (D:3)
  3 sleepcaps (D:3)
  An orc wizard (D:4)
  Robin (D:2)
  6 gnolls
  2 adders (D:2)
  A white imp (D:5)
  2 ufetubi (D:5)
  5 dart slugs
  A ribbon worm (D:2)
  7 orcs
  7 ball pythons
  4 bats (D:1)
  3 endoplasms
  3 giant cockroaches
  20 goblins
  8 hobgoblins
  2 jackals (D:4)
  4 quokkas
  10 frilled lizards
  5 kobolds
  5 rats
114 creatures vanquished.

Notes
Turn   | Place    | Note
-------+----------+-------------------------------------------
     0 | D:1      | n00bmints the Armataur Berserker began the quest for the
                  | Orb.
     0 | D:1      | Reached XP level 1. HP: 18/18 MP: 1/1
    70 | D:1      | Reached XP level 2. HP: 25/25 MP: 2/2
   285 | D:1      | Reached XP level 3. HP: 22/31 MP: 3/3
   336 | D:1      | Found a faded altar of an unknown god.
   756 | D:1      | Reached ** piety under Trog
  1122 | D:2      | Reached XP level 4. HP: 29/38 MP: 4/4
  1317 | D:2      | Found Huumyolu's Armour Shop.
  1319 | D:2      | Noticed Robin
  1331 | D:2      | Killed Robin
  1332 | D:2      | Reached XP level 5. HP: 46/46 MP: 5/5
  1736 | D:2      | Found a runed translucent door.
  1737 | D:2      | Noticed Crazy Yiuf
  1969 | D:2      | Paralysed by Crazy Yiuf for 1 turns
  1974 | D:2      | Killed Crazy Yiuf
  2266 | D:3      | Noticed Ijyb
  2270 | D:3      | Paralysed by Ijyb for 3 turns
  2276 | D:3      | Killed Ijyb
  2457 | D:3      | Reached skill level 1 in Staves
  2457 | D:3      | Reached XP level 6. HP: 38/45 MP: 6/6
  2675 | D:4      | Noticed Grinder
  2685 | D:4      | Killed Grinder
  2686 | D:4      | Reached skill level 3 in Staves
  2686 | D:4      | Gained mutation: You regenerate magic and health when
                  | rolling toward enemies. (Rampage Regen) [Armataur growth]
  2686 | D:4      | Reached XP level 7. HP: 37/59 MP: 7/7
  3074 | D:4      | Reached skill level 4 in Staves
  3708 | D:5      | Entered Level 5 of the Dungeon
  3854 | D:5      | Reached skill level 1 in Polearms
  3854 | D:5      | Reached skill level 5 in Staves
  3855 | D:5      | Reached XP level 8. HP: 67/67 MP: 8/8
  3858 | D:5      | Reached *** piety under Trog
  3885 | D:5      | Found a staircase to the Ecumenical Temple.
  3894 | D:5      | HP: 2/67 [orc/+0 hand axe (3)]
  3896 | D:5      | Slain by an orc

Illustrated notes

Levels and vault maps discovered:
D:1:      lightli_arrival_statue_moat, layout_basic,
          hellmonk_ecumenical_altar_pennies_from_heaven,
          nicolae_houndstooth_variations
D:2:      layout_loops_cross, serial_shops, shop, moated_statue, st_stairs_7,
          uniq_robin, uniq_crazy_yiuf_cottage
D:3:      layout_rooms, hellmonk_no_cap, uniq_ijyb
D:4:      layout_basic, uniq_grinder
D:5:      lemuel_castle_with_subvaults [lemuel_castle_interior_carwin_3],
          layout_cave_pods, mainiacjoe_overflow_tiny_flanked,
          nicolae_qazlal_style_of_elements, minmay_temple_entry_proselytizer,
          uniq_menkaure

Skill      XL: |  1  2  3  4  5  6  7 |
---------------+----------------------+-----
Maces & Flails | 3 4 |  4.1
Fighting       | 3 4 |  4.7
Dodging        | 2 |  2.4
Staves         | 1 3 5 |  5.6
Armour         | 3 4 |  4.7
Polearms       | 1 |  1.4
Stealth        | |  0.3

Action                     |  1- 3 |  4- 6 |  7- 9 || total
---------------------------+-------+-------+-------++-------
  Melee: Mace              |   100 |    69 |       ||   169
         Tailslap          |     8 |    12 |     6 ||    26
         Quarterstaff      |       |    35 |    69 ||   104
 Invoke: Berserk           |       |     6 |     4 ||    10
         Trog's Hand       |       |       |     1 ||     1
    Use: Scroll            |       |       |     2 ||     2
 Armour: Animal skin       |    91 |    46 |       ||   137
         Ring mail         |       |    17 |       ||    17
         Chain mail        |       |    16 |   111 ||   127
  Dodge: Dodged            |    68 |    49 |    48 ||   165

Table legend: (Time is in decaauts)
 A = Elapsed time spent in this place.
 B = Non-inter-level travel time spent in this place.
 C = Inter-level travel time spent in this place.
 D = Time resting spent in this place.
 E = Time spent auto-exploring this place.
 F = Levels seen in this place.
 G = Mean time per level.
                   A        B        C        D        E       F      G
               +--------+--------+--------+--------+--------+-----+--------+
         Total |   4017 |   3768 |    249 |      0 |   1809 |   5 |  803.4 |
       Dungeon |   4017 |   3768 |    249 |      0 |   1809 |   5 |  803.4 |
               +--------+--------+--------+--------+--------+-----+--------+

Top non-repeatable levels by time:
     D:2: 1098 daAuts
     D:1: 1073 daAuts
     D:4: 1063 daAuts
     D:3: 578 daAuts
     D:5: 204 daAuts
